 Dungeon Crawl Stone Soup version 0.30-b1-2-g02819fbbbe (webtiles) character file.

Game seed: 2470613333047128144

1750356 emiel the Warrior (level 26, 208/217 HPs)
             Began as a Demonspawn Berserker on Jan 8, 2024.
             Was the Champion of Trog.
             Escaped with the Orb
             ... and 3 runes on Jan 9, 2024!
             The game lasted 01:31:41 (63267 turns).

emiel the Warrior (Demonspawn Berserker)           Turns: 63267, Time: 01:31:42

Health: 208/217    AC: 33    Str: 28    XL:     26   Next: 49%
Magic:  20/20      EV: 15    Int:  6    God:    Trog [******]
Gold:   4428       SH: 28    Dex: 19    Spells: 25/25 levels left

rFire   + + +        M - +10 broad axe "Jalosom" {vamp, rC+ Str+4}
rCold   + + +        g - +1 tower shield {AC+3}
rNeg    + . .        D - +7 gold dragon scales
rPois   +            (helmet unavailable)
rElec   +            (cloak unavailable)
rCorr   +            P - +0 pair of gloves "Ihosahoi" {rF+}
SInv    .            (boots unavailable)
Will    +....        Y - amulet "Hohian" {Reflect rF++ Dex+3 SH+5} Stlth
                     R - ring of Vuvun {rElec rN+ rCorr Dex+4}
HPRegen 0.56/turn    N - ring "Oveipug" {rElec rF+ rC+ Int-3 Slay+4}
MPRegen 0.17/turn

%: reflection, clarity
@: no status effects
A: hooves 3, horns 3, demonic guardian 3, powered by death 2, corrupting
presence 2, word of chaos, weakness stinger 3, clarity, clumsy 2, low MP 1, weak
1
0: Orb of Zot
}: 3/15 runes: serpentine, barnacled, silver
a: Word of Chaos, Renounce Religion, Berserk, Trog's Hand, Brothers in Arms


You escaped.
You worshipped Trog.
Trog was exalted by your worship.
You visited 9 branches of the dungeon, and saw 47 of its levels.
You visited the Abyss 1 time.
You visited 1 ziggurat, and saw 4 of its levels.
You also visited: Sewer, Ossuary, Ice Cave and Desolation.

You collected 8598 gold pieces.
You spent 4170 gold pieces at shops.

Inventory:

Hand Weapons
 M - the +10 broad axe "Jalosom" (weapon) {vamp, rC+ Str+4}
   (You found it on level 10 of the Dungeon)

   Str:       It affects your strength (+4).
   rC:        It protects you from cold.
Missiles
 C - 5 throwing nets
 J - 6 javelins
 Z - 4 silver javelins (quivered)
Armour
 g - a +1 tower shield of protection (worn)
 D - +7 gold dragon scales (worn)
 P - the +0 pair of gloves "Ihosahoi" (worn) {rF+}
   (You bought it in a shop on level 11 of the Dungeon)

   rF:        It protects you from fire.
Jewellery
 i - a ring of see invisible
 p - the ring of Wael Lih {rF+ rN+ Int+6}
   (You took it off a deep elf zephyrmancer on level 3 of the Elven Halls)

   [ring of intelligence]

   Int:       It affects your intelligence (+6).
   rF:        It protects you from fire.
   rN:        It protects you from negative energy.
 u - a ring of resist corrosion
 F - a +6 ring of intelligence
 N - the ring "Oveipug" (right hand) {rElec rF+ rC+ Int-3 Slay+4}
   (You found it in the Desolation of Salt)

   [ring of slaying]

   Int:       It affects your intelligence (-3).
   Slay:      It affects your accuracy & damage with ranged weapons and melee
   (+4).
   rF:        It protects you from fire.
   rC:        It protects you from cold.
   rElec:     It insulates you from electricity.
 O - a ring of protection from cold
 Q - the ring "Dereoz" {rPois rF+ Stlth+}
   (You acquired it on level 1 of the Orcish Mines)

   [ring of poison resistance]

   rF:        It protects you from fire.
   rPois:     It protects you from poison.
   Stlth:     It makes you more stealthy.
 R - the ring of Vuvun (left hand) {rElec rN+ rCorr Dex+4}
   (You acquired it on level 5 of the Lair of Beasts)

   [ring of positive energy]

   Dex:       It affects your dexterity (+4).
   rElec:     It insulates you from electricity.
   rN:        It protects you from negative energy.
   rCorr:     It protects you from acid and corrosion.
 S - a ring of positive energy
 T - the ring "Fepoky" {Fire Slay+3 Stlth+}
   (You acquired it on level 1 of the Orcish Mines)

   [ring of fire]

   It enhances your fire magic.
   Slay:      It affects your accuracy & damage with ranged weapons and melee
   (+3).
   rF:        It protects you from fire.
   rC:        It makes you vulnerable to cold.
   Stlth:     It makes you more stealthy.
 U - a ring of flight
 Y - the amulet "Hohian" (around neck) {Reflect rF++ Dex+3 SH+5}
   (You found it on level 5 of the Vaults)

   [amulet of reflection]

   It reflects blocked missile attacks.
   Dex:       It affects your dexterity (+3).
   rF:        It greatly protects you from fire.
   SH:        It affects your SH (+5).
Wands
 a - a wand of quicksilver (5)
 h - a wand of paralysis (43)
 k - a wand of iceblast (47)
 I - a wand of flame (160)
 K - a wand of mindburst (2)
 L - a wand of polymorph (33)
Scrolls
 c - 13 scrolls of poison
 d - 5 scrolls of blinking
 e - 9 scrolls of magic mapping
 l - 6 scrolls of immolation
 n - 7 scrolls of vulnerability
 q - 4 scrolls of silence
 r - 9 scrolls of fear
 s - 14 scrolls of teleportation
 x - 5 scrolls of noise
 y - 8 scrolls of fog
 W - 25 scrolls of identify
 X - 4 scrolls of torment
Potions
 b - 7 potions of magic
 f - 10 potions of might
 j - 13 potions of lignification
 m - 18 potions of curing
 o - 5 potions of berserk rage
 t - 3 potions of ambrosia
 v - 6 potions of attraction
 w - 4 potions of cancellation
 z - 5 potions of flight
 A - 5 potions of resistance
 B - 4 potions of haste
 E - 11 potions of mutation
 G - 7 potions of invisibility
 H - 5 potions of heal wounds
Miscellaneous
 V - a box of beasts


   Skills:
 + Level 19.6 Fighting
 - Level 15.6(18.0) Axes
 - Level 14.8(17.5) Polearms
 + Level 14.7 Throwing
 + Level 18.1 Armour
 + Level 18.0 Dodging
 + Level 18.8 Shields
 + Level 16.8 Evocations


You had 25 spell levels left.
You didn't know any spells.
Your spell library was empty.

Dungeon Overview and Level Annotations

Branches:
Dungeon (15/15)            Temple (0/1) D:4            Lair (5/5) D:9
 Shoals (4/4) Lair:2        Snake (4/4) Lair:2        Slime (0/5) Lair:5
    Orc (2/2) D:9             Elf (3/3) Orc:2        Vaults (5/5) D:13
  Crypt (0/3) Vaults:2     Depths (4/4) D:15            Zot (5/5) Depths:4
  Sewer (visited)         Ossuary (visited)           IceCv (visited)
Desolation (visited)

Altars:
Hepliaklqana
Nemelex Xobeh
Sif Muna
Trog
Vehumet
Xom
Yredelemnul
Jiyva
Lugonu

Shops:
D:9 !   D:11 *   Orc:1 ?   Orc:2 *:**   Elf:1 ==:   Elf:3 *   Snake:3 :
Vaults:4 ([(***   Vaults:5 ??

Portals:
Hell: Depths:1 Depths:2 Depths:3 Depths:4
Abyss: Depths:4
Pandemonium: Depths:2

Annotations:
D:4 3 runed translucent doors, diceflayer's ghost, amateur DsFi
D:9 2 transporters, emiel's ghost, novice DsBe
D:15 1 runed translucent door, shugdite's ghost, adept MiFi
Lair:5 1 runed translucent door, exclusion: obsidian statue
Snake:2 1 runed translucent door, Ucwyo's ghost, journeyman HuWn
Snake:3 3 runed translucent doors, Phaedo's ghost, adept AtWr
Elf:2 3 runed translucent doors
Depths:3 exclusion: kobold brigand


Innate Abilities, Weirdness & Mutations

You have hooves in place of feet.
You have a pair of large horns on your head.
A powerful demonic guardian rushes to your aid.
You regenerate health from kills.
Your presence sometimes corrodes or deforms those you injure.
You can speak a Word of Chaos.
You have a sharp stinger which inflicts weakening toxins.
You possess an exceptional clarity of mind.
You are very clumsy. (Dex -4)
Your magical capacity is low. (-10% MP)
You are weak. (Str -2)


Message History

The Shining One smites you!
You climb upwards.
There is a stone staircase leading down here.
Your skin crawls.
You feel strong-willed.
You start resting.
An Orb Guardian comes into view.
There is a stone staircase leading up here.
You block the Orb Guardian's attack.
You climb upwards.
Level annotation: 3 runed translucent doors, diceflayer's ghost, amateur DsFi A ynoxinul and a blizzard demon come into view.
There is a stone staircase leading down here.
The ynoxinul bellows!
The blizzard demon moves out of view.
You feel the effects of Trog's Hand fading.
Your skin stops crawling.
You feel less strong-willed.
There is a stone staircase leading up here.
You climb upwards.
There is a stone staircase leading down here.
(D) Dungeon (T) Temple (L) Lair (A) Shoals (P) Snake Pit (M) Slime Pits (O) Orcish Mines (E) Elven Halls (V) Vaults (C) Crypt (U) Depths (H) Hell (Z) Zot
Where to? (Enter - D:1, ? - help)
You see here a +0 leather armour.
There is a stone staircase leading up here.
You climb upwards.
There is a stone staircase leading down here.
There is a stone staircase leading up here.
You climb upwards.
There is a stone staircase leading down here.
There is a staircase leading out of the dungeon here.
Unknown command.
Unknown command.
Unknown command.
Unknown command.
Unknown command.
Unknown command.
You have escaped!

.#..###....####.# ###.....# #
.#..#......# #.###.......# #
.#.........# #.##..####..# #
.##.#)#....# #....## ##)# #
.#.....#+#########.# #.#######
.#..#.........(....## ##......##
..............≈≈≈≈..####..≈≈≈≈..#
###.#........≈≈≈≈≈≈......≈≈§§≈≈.#
....#........≈≈>@≈≈......≈≈≈§§≈.#
#####........≈≈≈≈.≈......≈≈≈≈≈§.#
#.........≈≈≈≈...##...≈§≈≈.^#
#######...).....####.......##
##....##### ######.... ######
#####


There were no monsters in sight!

Vanquished Creatures
  3 ancient liches (Zot:5)
  2 orbs of fire (Zot:5)
  Vv (Zot:1)
  6 Killer Klowns (Zot:5)
  4 curse toes
  Vashnia (Snake:3)
  14 golden dragons
  A pandemonium lord (Zig:2)
  A profane servitor (Depths:2)
  2 bone dragons
  8 electric golems
  An iron giant (Depths:2)
  A Tzitzimitl (Zot:5)
  A Hell Sentinel (Depths:2)
  24 tentacled monstrosities
  A walking crystal tome (Depths:3)
  A lich (Vaults:5)
  An Ice Fiend (D:9)
  Mlioglotl (Shoals:2)
  5 titans
  25 Orb Guardians
  2 deep elf blademasters (Elf:3)
  A walking frostbound tome (Depths:3)
  3 deep elf master archers
  A kraken (Shoals:3)
  9 quicksilver dragons
  Polyphemus (Shoals:2)
  An Executioner (D:13)
  3 tentacled starspawn (Abyss:2)
  3 sphinxes
  13 tengu reavers
  15 storm dragons
  11 shadow dragons
  8 death cobs
  7 draconian monks
  8 nagarajas
  2 draconian knights (Zot:5)
  10 fire giants
  4 deep elf sorcerers
  6 frost giants
  2 daevas
  4 imperial myrmidons (Desolation)
  3 draconian scorchers
  A ghost moth (shapeshifter) (Vaults:5)
  2 ghost moths
  Aizul (Snake:2)
  5 iron dragons
  2 draconian stormcallers
  14 vault wardens
  19 ironbound preservers
  6 draconian shifters
  3 deep elf elementalists (Elf:3)
  4 draconian annihilators
  A spriggan defender (Depths:3)
  4 war gargoyles
  An orc warlord (Vaults:4)
  21 stone giants
  18 very ugly things
  A broodmother (shapeshifter) (D:13)
  5 vampire knights
  12 ironbound thunderhulks
  7 deep elf demonologists
  4 deep elf annihilators
  17 black draconians
  14 red draconians
  18 dire elephants
  9 purple draconians
  10 green draconians
  3 spark wasps
  9 white draconians
  14 yellow draconians
  2 merfolk javelineers
  A green death (Abyss:2)
  2 pearl dragon zombies (Depths:2)
  7 deep elf death magi
  4 fire dragons
  14 ettins
  3 crystal guardians
  An ettin (shapeshifter) (Depths:3)
  7 great orbs of eyes
  9 ice dragons
  16 yaktaur captains
  4 merfolk impalers
  5 deep elf high priests
  2 entropy weavers
  7 ragged hierophants
  17 hydras
  8 peacekeepers
  6 spriggan air magi
  3 salamander tyrants
  11 servants of whispers (Desolation)
  12 anacondas
  4 merfolk avatars
  8 ironbound frosthearts
  An ogre mage (Vaults:4)
  37 vault guards
  An alligator snapping turtle (Shoals:1)
  4 boulder beetles
  2 catoblepae
  3 satyrs
  8 death yaks
  3 merfolk aquamancers
  The ghost of nightchill the Slicer, a journeyman VSFi of Elyvilon (Lair:1)
  14 dancing weapons
  25 centaur warriors
  6 hell hogs
  2 deep troll shamans
  27 naga warriors
  2 spectral dire elephants (Lair:5)
  2 vampire magi
  3 deep troll earth magi
  5 tengu warriors
  6 shock serpents
  7 two-headed ogres
  8 spriggan berserkers
  A soul eater (Depths:1)
  25 naga sharpshooters
  3 orc high priests (Orc:2)
  2 thrashing horrors (Abyss:2)
  Sonja (D:12)
  10 hell knights
  5 skysharks
  7 sun demons
  A wretched star (Abyss:2)
  6 iron trolls
  2 sixfirhies
  9 sea snakes
  A spectral death yak (Lair:5)
  6 deep elf knights
  2 salamander mystics
  A spectral anaconda (Lair:5)
  40 deep trolls
  2 flayed ghosts
  2 glowing orange brains
  2 bog bodies (IceCv)
  2 obsidian statues (IceCv)
  15 phantasmal warriors
  A death drake (shapeshifter) (Vaults:5)
  13 lindwurms
  6 naga ritualists
  An orange crystal statue (Depths:2)
  8 deep elf archers
  23 ironbound convokers
  19 deep elf pyromancers
  6 necromancers
  8 wizards
  16 deep elf zephyrmancers
  3 starcursed masses (Abyss:2)
  16 mana vipers
  12 harpies
  11 orc knights
  19 ugly things
  14 manticores
  A wolf spider (Vaults:5)
  A manticore (shapeshifter) (Depths:2)
  6 orc sorcerers
  A will-o-the-wisp (Abyss:2)
  8 fauns
  5 cyclopes
  10 guardian serpents
  7 merfolk sirens
  23 salamanders
  A worldbinder (Abyss:2)
  12 elephants
  28 moths of wrath
  39 black mambas
  A rust devil (D:11)
  An apocalypse crab (Abyss:2)
  4 apis skeletons (Depths:2)
  18 naga magi
  A torpor snail (Lair:4)
  2 gargoyles
  7 cane toads
  7 water nymphs
  A black mamba (shapeshifter) (Elf:1)
  5 smoke demons
  18 vault sentinels
  2 orange demons
  2 unseen horrors
  A kobold demonologist (D:9)
  A hellion (Depths:2)
  A rime drake (Lair:3)
  6 komodo dragons
  A yaktaur (shapeshifter) (Abyss:2)
  30 yaktaurs
  An efreet (D:14)
  An anaconda simulacrum (IceCv)
  An ancient zyme (Abyss:2)
  3 freezing wraiths (IceCv)
  4 tengu conjurers
  2 red devils
  27 merfolk
  A queen bee (shapeshifter) (D:14)
  A troll (shapeshifter) (D:14)
  3 golden dragon simulacra (IceCv)
  8 trolls
  3 hellwings
  5 wind drakes
  4 hornets
  69 saltlings
  A spectral elephant (Lair:5)
  5 raiju (Abyss:2)
  4 dream sheep (Shoals:2)
  A snapping turtle (shapeshifter) (Vaults:5)
  3 blink frogs (Lair:1)
  4 snapping turtles
  3 vampires (Vaults:2)
  A shadow (D:11)
  7 air elementals
  7 small abominations (Abyss:2)
  A jumping spider (Vaults:2)
  38 slime creatures
  4 spriggans
  A wyvern (D:9)
  Sigmund (D:3)
  A dire elephant simulacrum (IceCv)
  45 yaks
  17 water elementals
  4 wraiths
  A ynoxinul (Abyss:2)
  A steam dragon (Lair:4)
  2 fire elementals
  6 basilisks
  Grum (D:11)
  A neqoxec (Abyss:2)
  A death yak simulacrum (Lair:5)
  9 redbacks
  A basilisk (shapeshifter) (Elf:3)
  A minotaur simulacrum (IceCv)
  10 vampire mosquitoes
  3 chaos spawn
  45 nagas
  2 wargs (Orc:2)
  A spectral cane toad (Lair:5)
  6 hydra simulacra (IceCv)
  4 acid dragons
  12 water moccasins
  An ice beast (D:6)
  2 sky beasts
  26 orc warriors
  4 large abominations
  3 black bears
  3 ettin simulacra (IceCv)
  7 ogres
  25 wolves
  23 centaurs
  3 phantoms
  An elf zombie (Ossuary)
  11 bullfrogs
  4 kobold brigands
  2 gnoll sergeants
  4 scorpions
  4 cane toad simulacra (Lair:5)
  3 earth elementals
  A deep troll simulacrum (IceCv)
  6 wights
  2 killer bees
  2 elephant simulacra (Lair:5)
  8 howler monkeys
  A centaur zombie (Ossuary)
  3 hounds
  2 jellies
  A human zombie (Ossuary)
  11 orc priests
  An iron imp (Abyss:2)
  A sleepcap (D:5)
  3 iguanas
  23 orc wizards
  3 mummies (Ossuary)
  4 gnolls (D:6)
  5 adders
  3 river rats (D:6)
  2 shadow imps (D:7)
  4 white imps
  An ufetubus (D:5)
  2 adder zombies (Ossuary)
  7 worms
  A dart slug (D:4)
  73 orcs
  5 bats
  6 endoplasms
  5 giant cockroaches
  4 gnoll zombies (Ossuary)
  4 goblins
  5 hobgoblins
  14 jackals
  A quokka (D:3)
  8 ball pythons
  5 frilled lizards
  3 goblin zombies (Ossuary)
  4 hobgoblin zombies (Ossuary)
  4 jackal zombies (Ossuary)
  28 kobolds
  3 kobold zombies (Ossuary)
  An orc zombie (Ossuary)
  3 quokka zombies (Ossuary)
  11 rats
  8 rat zombies (Ossuary)
  3 starspawn tentacles (Abyss:2)
  5 tentacles
2152 creatures vanquished.

Vanquished Creatures (collateral kills)
  A dread lich (Zot:5)
  An orb of fire (Zot:5)
  A Killer Klown (Zot:5)
  A golden dragon (Zot:1)
  Zenata (Vaults:3)
  A tentacled monstrosity (Zot:5)
  2 Ice Fiends
  3 Orb Guardians (Zot:5)
  A kraken (Shoals:4)
  3 nagarajas
  An angel (D:11)
  A draconian annihilator (Zot:3)
  A stone giant (Depths:3)
  A halazid warlock (Desolation)
  A black draconian (Zot:4)
  An ettin (Depths:3)
  A merfolk javelineer (Shoals:4)
  A merfolk impaler (Shoals:4)
  A vault guard (Vaults:4)
  2 servants of whispers (Desolation)
  A hydra (D:13)
  An anaconda (Snake:4)
  A death knight (Depths:2)
  2 dancing weapons
  A death yak (Shoals:2)
  A deep troll shaman (Depths:1)
  3 naga warriors (Snake:4)
  A naga sharpshooter (Snake:3)
  A shock serpent (Snake:3)
  A salamander mystic (Snake:4)
  A spatial maelstrom (Abyss:2)
  A sea snake (Shoals:1)
  A naga ritualist (Snake:4)
  3 deep trolls (Depths:1)
  A deep elf archer (Elf:3)
  An orc knight (Orc:2)
  A deep elf pyromancer (Elf:1)
  A deep elf zephyrmancer (Elf:1)
  A salamander (Snake:4)
  A vault sentinel (Vaults:2)
  A black mamba (Snake:1)
  A merfolk siren (Shoals:4)
  A naga mage (Snake:4)
  A komodo dragon (Lair:4)
  An efreet (D:14)
  2 merfolk
  A wind drake (Shoals:4)
  A snapping turtle (Shoals:4)
  6 saltlings (Desolation)
  A slime creature (D:11)
  4 yaks (Lair:4)
  A spatial vortex (Abyss:2)
  2 orc warriors (Orc:2)
  A wolf (Lair:5)
  A centaur (D:13)
  A bullfrog (D:8)
  An orc priest (Orc:1)
  4 orcs (Orc:2)
82 creatures vanquished.

Vanquished Creatures (others)
  Nikola (Shoals:1)
  2 deep elf knights
  4 deep elf zephyrmancers
  A merfolk (Shoals:1)
  A saltling (Desolation)
  A naga (Zig:1)
  2 orc warriors (Vaults:5)
  An orc wizard (Orc:2)
  8 foxfires (Abyss:2)
  62 fungi
  206 plants
  4 starspawn tentacles (Abyss:2)
  18 tentacles
  30 withered plants
341 creatures vanquished.

Grand Total: 2575 creatures vanquished

Notes
Turn   | Place    | Note
-------+----------+-------------------------------------------
     0 | D:1      | emiel the Demonspawn Berserker began the quest for the Orb.
     0 | D:1      | Reached XP level 1. HP: 18/18 MP: 1/1
   190 | D:1      | Gained mutation: You regenerate a little health from kills.
                  | [demonic ancestry]
   190 | D:1      | Reached XP level 2. HP: 23/24 MP: 2/2
   585 | D:1      | Reached ** piety under Trog
   941 | D:2      | Reached XP level 3. HP: 29/29 MP: 3/3
  1354 | D:2      | Found a faded altar of an unknown god.
  1829 | D:3      | Noticed Sigmund
  1843 | D:3      | Killed Sigmund
  1844 | D:3      | Reached skill level 5 in Polearms
  1844 | D:3      | Discovered your monstrous ancestry.
  1844 | D:3      | Gained mutation: You have a small tail. [demonic ancestry]
  1844 | D:3      | Reached XP level 4. HP: 35/35 MP: 4/4
  1844 | D:3      | Gained mutation: You regenerate health from kills. [demonic
                  | ancestry]
  1844 | D:3      | Reached XP level 5. HP: 41/41 MP: 5/5
  2385 | D:4      | Found a staircase to the Ecumenical Temple.
  2401 | D:4      | Reached skill level 1 in Evocations
  2401 | D:4      | Reached XP level 6. HP: 47/47 MP: 6/6
  2705 | D:4      | Found a sparkling altar of Nemelex Xobeh.
  3034 | D:4      | Reached XP level 7. HP: 52/52 MP: 7/7
  3264 | D:4      | Found a runed translucent gate.
  3277 | D:4      | Found a runed translucent gate.
  3277 | D:4      | Found a runed translucent gate.
  3278 | D:4      | Noticed diceflayer's ghost (amateur DsFi)
  3397 | D:5      | Entered Level 5 of the Dungeon
  3429 | D:5      | Found a radiant altar of Vehumet.
  3699 | D:5      | Found a bloodstained altar of Trog.
  4192 | D:5      | Reached skill level 5 in Evocations
  4192 | D:5      | Gained mutation: You have large cloven feet. [demonic
                  | ancestry]
  4192 | D:5      | Reached XP level 8. HP: 52/58 MP: 8/8
  4615 | D:6      | Found a glowing drain.
  4891 | Sewer    | Entered a sewer
  4944 | Sewer    | Reached *** piety under Trog
  5002 | Sewer    | Found a viscous altar of Jiyva.
  6302 | D:7      | Reached skill level 10 in Polearms
  6302 | D:7      | Gained mutation: A weak demonic guardian rushes to your
                  | aid. [demonic ancestry]
  6302 | D:7      | Reached XP level 9. HP: 63/63 MP: 9/9
  6822 | D:8      | Found a sand-covered staircase.
  6830 | Ossuary  | Entered an ossuary
  6853 | Ossuary  | Reached **** piety under Trog
  7426 | D:8      | Reached ***** piety under Trog
  8140 | D:9      | Gained mutation: You have a tail ending in a sharp stinger.
                  | [demonic ancestry]
  8140 | D:9      | Reached XP level 10. HP: 23/70 MP: 10/10
  8304 | D:9      | Found a staircase to the Lair.
  8380 | D:9      | Found Soxe Sax's Distillery.
  8863 | D:9      | Found a transporter.
  8874 | D:9      | Noticed a moth of wrath
  8893 | D:9      | Found a transporter.
  8899 | D:9      | Noticed emiel's ghost (novice DsBe)
  8989 | D:9      | Found a staircase to the Orcish Mines.
  9241 | D:10     | Entered Level 10 of the Dungeon
  9594 | D:10     | Noticed a gargoyle
  9671 | D:10     | Killed a gargoyle
  9826 | D:10     | Identified the +10 broad axe "Jalosom" {vamp, rC+ Str+4}
  9846 | D:10     | Found a shimmering altar of Xom.
 10221 | D:11     | Noticed Grum
 10230 | D:11     | Gained mutation: You have a pair of small horns on your
                  | head. [demonic ancestry]
 10230 | D:11     | Reached XP level 11. HP: 46/75 MP: 11/11
 10231 | D:11     | Killed Grum
 10262 | D:11     | Reached skill level 1 in Axes
 10262 | D:11     | Reached skill level 1 in Shields
 10340 | D:11     | Found Vycefuosan's General Store.
 10348 | D:11     | Identified the +8 halberd "Wygyppy" {holy, rElec rF- Will+
                  | rCorr}
 10361 | D:11     | Bought the +0 pair of gloves "Ihosahoi" {rF+} for 314 gold
                  | pieces
 10772 | D:11     | Noticed a two-headed ogre
 10777 | D:11     | Killed a two-headed ogre
 11385 | D:12     | Noticed a red ugly thing
 11392 | D:12     | Killed a red ugly thing
 11392 | D:12     | Noticed a deep elf pyromancer
 11404 | D:12     | Killed a deep elf pyromancer
 11674 | D:12     | Identified the +2 leather armour "Qotu" {rElec rC+ Slay+2}
 11711 | D:12     | Identified the +5 whip "Qeosheg" {antimagic, Str+2}
 11733 | D:12     | Noticed a cyan ugly thing
 11741 | D:12     | Killed a cyan ugly thing
 11742 | D:12     | Reached skill level 5 in Axes
 11742 | D:12     | Reached skill level 5 in Shields
 11834 | D:12     | Received a gift from Trog
 11921 | D:12     | Noticed Sonja
 11927 | D:12     | Killed Sonja
 12277 | Lair:1   | Entered Level 1 of the Lair of Beasts
 12508 | Lair:1   | Reached XP level 12. HP: 57/81 MP: 12/12
 12705 | Lair:1   | Found a runed translucent door.
 12705 | Lair:1   | Noticed nightchill's ghost (journeyman VSFi)
 13091 | Lair:1   | Killed nightchill's ghost
 13432 | Lair:2   | Found a staircase to the Snake Pit.
 13437 | Lair:2   | Reached skill level 4 in Fighting
 13455 | Lair:2   | Found a staircase to the Shoals.
 13745 | Lair:2   | Noticed a four-headed hydra
 13752 | Lair:2   | Killed a four-headed hydra
 14113 | Lair:3   | Noticed a four-headed hydra
 14193 | Lair:3   | Noticed a death yak
 14193 | Lair:3   | Noticed a death yak
 14193 | Lair:3   | Noticed a death yak
 14193 | Lair:3   | Noticed a death yak
 14193 | Lair:3   | Noticed a death yak
 14193 | Lair:3   | Noticed a death yak
 14209 | Lair:3   | Killed a death yak
 14209 | Lair:3   | Killed a death yak
 14213 | Lair:3   | Killed a death yak
 14215 | Lair:3   | Killed a death yak
 14216 | Lair:3   | Reached skill level 5 in Fighting
 14217 | Lair:3   | Killed a death yak
 14218 | Lair:3   | Killed a death yak
 14489 | Lair:3   | Killed a four-headed hydra
 14562 | Lair:3   | Reached XP level 13. HP: 89/93 MP: 13/13
 14565 | Lair:3   | Reached skill level 6 in Fighting
 14664 | Lair:3   | Reached skill level 5 in Armour
 14664 | Lair:3   | Reached skill level 5 in Dodging
 15497 | Lair:4   | Received a gift from Trog
 15725 | Lair:4   | Identified the +1 robe of Dishonesty {Int+2 SInv Stlth+}
 16305 | Lair:5   | Entered Level 5 of the Lair of Beasts
 16632 | Lair:5   | Noticed a dire elephant
 16632 | Lair:5   | Noticed a dire elephant
 16632 | Lair:5   | Noticed a dire elephant
 16633 | Lair:5   | Noticed a dire elephant
 16668 | Lair:5   | Reached skill level 7 in Fighting
 16720 | Lair:5   | Identified a scroll of acquirement
 16720 | Lair:5   | Acquired the ring of Vuvun {rElec rN+ rCorr Dex+4}
 17032 | Lair:5   | Found a runed translucent door.
 17153 | Lair:5   | Found a viscous altar of Jiyva.
 17154 | Lair:5   | Noticed an acid blob
 17206 | Lair:5   | Killed a dire elephant
 17678 | Lair:5   | Killed a dire elephant
 17777 | Lair:5   | Noticed a dire elephant
 17785 | Lair:5   | Killed a dire elephant
 17868 | Lair:5   | Gained mutation: A demonic guardian rushes to your aid.
                  | [demonic ancestry]
 17868 | Lair:5   | Reached XP level 14. HP: 71/103 MP: 14/14
 18321 | Lair:5   | Reached skill level 8 in Fighting
 18536 | Lair:5   | Found a staircase to the Slime Pits.
 18833 | Orc:1    | Entered Level 1 of the Orcish Mines
 18889 | Orc:2    | Entered Level 2 of the Orcish Mines
 19429 | Orc:2    | Found a staircase to the Elven Halls.
 19525 | Orc:2    | Found Okousk's Assorted Antiques.
 19525 | Orc:2    | Found Ecirac's General Store.
 19527 | Orc:2    | Found Meuwuety's Assorted Antiques.
 19527 | Orc:2    | Found Unudyh's Book Emporium.
 19536 | Orc:2    | Bought a grey potion for 22 gold pieces
 19536 | Orc:2    | Bought a fizzy puce potion for 22 gold pieces
 19536 | Orc:2    | Bought a large zirconium amulet for 125 gold pieces
 19544 | Orc:2    | Bought a scroll of teleportation for 87 gold pieces
 19698 | Orc:1    | Found Dineul's Magic Scroll Shoppe.
 19701 | Orc:1    | Received a gift from Trog
 19725 | Orc:1    | Bought a scroll of acquirement for 728 gold pieces
 19725 | Orc:1    | Bought a scroll of acquirement for 728 gold pieces
 19725 | Orc:1    | Acquired the ring "Dereoz" {rPois rF+ Stlth+}
 19726 | Orc:1    | Acquired the ring "Fepoky" {Fire Slay+3 Stlth+}
 20161 | Orc:1    | Bought a scroll of blinking for 105 gold pieces
 20414 | D:13     | Reached skill level 9 in Fighting
 20753 | D:13     | Found a gate to the Vaults.
 20987 | D:13     | Reached skill level 10 in Shields
 21033 | D:13     | Noticed a broodmother
 21039 | D:13     | Killed a broodmother
 21040 | D:13     | Reached skill level 10 in Axes
 21232 | D:13     | Gained mutation: You have hoof-like feet. [demonic
                  | ancestry]
 21232 | D:13     | Reached XP level 15. HP: 114/114 MP: 15/15
 22440 | D:14     | Received a gift from Trog
 23120 | D:15     | Entered Level 15 of the Dungeon
 23214 | D:15     | Found a runed translucent door.
 23215 | D:15     | Noticed shugdite's ghost (adept MiFi)
 23466 | D:15     | Found a staircase to the Depths.
 23466 | D:15     | Noticed a fire giant
 23478 | D:15     | Killed a fire giant
 23796 | Elf:1    | Entered Level 1 of the Elven Halls
 23908 | Snake:1  | Entered Level 1 of the Snake Pit
 24022 | Snake:1  | Reached skill level 10 in Fighting
 24928 | Snake:2  | You fall into a shaft and drop 1 floor!
 25425 | Snake:2  | Noticed Aizul
 25428 | Snake:2  | Found a runed translucent door.
 25428 | Snake:2  | Noticed Ucwyo's ghost (journeyman HuWn)
 25442 | Snake:2  | Killed Aizul
 25861 | Snake:2  | Gained mutation: You have hooves in place of feet. [demonic
                  | ancestry]
 25861 | Snake:2  | Reached XP level 16. HP: 124/124 MP: 16/16
 25884 | Snake:2  | Identified the ring "Bifoilor" {Contam Int+3 SInv}
 25907 | Snake:2  | Reached ****** piety under Trog
 25913 | Snake:2  | Reached skill level 11 in Fighting
 25938 | Snake:2  | Reached skill level 10 in Dodging
 26224 | Snake:2  | Reached skill level 10 in Armour
 26945 | Snake:3  | Found Eduptol's Vocational Training.
 27257 | Snake:3  | Received a gift from Trog
 28050 | Snake:3  | Noticed Vashnia
 28051 | Snake:3  | Found a runed translucent gate.
 28051 | Snake:3  | Found a runed translucent gate.
 28052 | Snake:3  | Found a runed translucent gate.
 28076 | Snake:3  | Killed Vashnia
 28092 | Snake:3  | Reached skill level 12 in Fighting
 28098 | Snake:3  | Reached XP level 17. HP: 66/133 MP: 17/17
 28261 | Snake:3  | Noticed Phaedo's ghost (adept AtWr)
 28391 | Snake:4  | Entered Level 4 of the Snake Pit
 28673 | Snake:4  | Received a gift from Trog
 29607 | Depths:1 | Entered Level 1 of the Depths
 29801 | Depths:1 | Reached skill level 1 in Throwing
 30655 | Depths:1 | Identified the +0 long sword "Desunih" {flame, SInv} (Trog
                  | gifted it to you on level 1 of the Depths)
 30655 | Depths:1 | Received a gift from Trog
 30833 | Depths:1 | Acquired 1097 gold pieces
 30994 | Depths:1 | Found a gateway to Hell.
 31430 | Depths:1 | Found a shimmering blue altar of Sif Muna.
 31611 | Depths:2 | Acquired 867 gold pieces
 31913 | Shoals:1 | Entered Level 1 of the Shoals
 32242 | Shoals:1 | Noticed Nikola
 32253 | Shoals:1 | Killed Nikola
 32910 | Shoals:2 | Gained mutation: A powerful demonic guardian rushes to your
                  | aid. [demonic ancestry]
 32910 | Shoals:2 | Reached XP level 18. HP: 142/142 MP: 18/18
 32921 | Shoals:2 | Found a frozen archway.
 32962 | IceCv    | Entered an ice cave
 33094 | IceCv    | Noticed an Ice Fiend
 33099 | IceCv    | Killed an Ice Fiend
 33668 | Shoals:2 | Noticed Polyphemus
 33674 | Shoals:2 | Reached skill level 13 in Fighting
 34329 | Shoals:2 | Noticed Mlioglotl
 34340 | Shoals:2 | Killed Mlioglotl
 34349 | Shoals:2 | Killed Polyphemus
 34789 | Shoals:3 | Received a gift from Trog
 35046 | Shoals:4 | Entered Level 4 of the Shoals
 35210 | Shoals:4 | Got a barnacled rune of Zot
 35387 | Shoals:4 | Reached skill level 5 in Throwing
 35522 | Shoals:4 | Identified the +2 arbalest "Feck" {penet, rF- rC++ rN+
                  | SInv}
 36271 | Shoals:4 | Received a gift from Trog
 36615 | Snake:4  | HP: 5/144 [constriction (4)]
 36641 | Snake:4  | Gained mutation: You have a pair of horns on your head.
                  | [demonic ancestry]
 36641 | Snake:4  | Reached XP level 19. HP: 143/150 MP: 19/19
 37112 | Snake:4  | Got a serpentine rune of Zot
 37703 | Vaults:1 | Entered Level 1 of the Vaults
 37716 | Vaults:1 | Identified the +8 battleaxe of emiel's Extermination
                  | {freeze, rElec Str+2}
 37769 | Vaults:1 | Received a gift from Trog
 38013 | Orc:2    | Reached skill level 14 in Fighting
 38029 | Elf:1    | Noticed a Tzitzimitl
 38034 | Elf:1    | Noticed a Tzitzimitl
 38078 | Elf:1    | Paralysed by an air elemental for 1 turns
 38406 | Elf:1    | Found Tyadasel's Book Boutique.
 38406 | Elf:1    | Found Urphijoown's Jewellery Emporium.
 38407 | Elf:1    | Found Muceth's Jewellery Emporium.
 38444 | Elf:1    | Paralysed by an air elemental for 1 turns
 38936 | Elf:2    | Paralysed by an air elemental for 1 turns
 39253 | Elf:2    | Found a runed translucent gate.
 39254 | Elf:2    | Found a runed translucent gate.
 39254 | Elf:2    | Found a runed translucent gate.
 39272 | Elf:2    | Paralysed by an air elemental for 1 turns
 39474 | Elf:3    | Entered Level 3 of the Elven Halls
 39748 | Elf:3    | Received a gift from Trog
 40056 | Elf:3    | Found Gavuumoi's Assorted Antiques.
 40066 | Elf:3    | Bought a fading plate armour for 644 gold pieces
 40066 | Elf:3    | Identified the +13 plate armour "Jaizonge" {Int-5 Dex+5}
                  | (You bought it in a shop on level 3 of the Elven Halls)
 40779 | Elf:3    | Identified the ring of Wael Lih {rF+ rN+ Int+6}
 40807 | Elf:3    | Gained mutation: You have a pair of large horns on your
                  | head. [demonic ancestry]
 40807 | Elf:3    | Reached XP level 20. HP: 160/160 MP: 20/20
 40894 | Elf:3    | Identified the +5 rapier "Weaneg" {speed, rC+ Dex+4}
 41007 | Elf:3    | Identified the +1 long sword "Riba" {freeze, rN+}
 41047 | Elf:3    | Gained mutation: You are vulnerable to heat. (rF-) [a
                  | cacodemon]
 41050 | Elf:3    | Lost mutation: You are vulnerable to heat. (rF-) [potion of
                  | mutation]
 41050 | Elf:3    | Gained mutation: You are dopey. (Int -2) [potion of
                  | mutation]
 41050 | Elf:3    | Gained mutation: Your flesh is heat resistant. (rF+)
                  | [potion of mutation]
 41050 | Elf:3    | Gained mutation: You are partially covered in iridescent
                  | scales. (AC +2) [potion of mutation]
 41051 | Elf:3    | Lost mutation: You are partially covered in iridescent
                  | scales. (AC +2) [potion of mutation]
 41051 | Elf:3    | Lost mutation: You are dopey. (Int -2) [potion of mutation]
 41051 | Elf:3    | Lost mutation: Your flesh is heat resistant. (rF+) [potion
                  | of mutation]
 41051 | Elf:3    | Gained mutation: You possess an exceptional clarity of
                  | mind. [potion of mutation]
 41107 | Elf:3    | Found the +7 Spriggan's Knife {stab, EV+4 Stlth+}
 41422 | Abyss:2  | Found a corrupted altar of Lugonu.
 41422 | Abyss:2  | Cast into level 2 of the Abyss (a deep elf sorcerer)
 41587 | Abyss:2  | Found a corrupted altar of Lugonu.
 41719 | Abyss:2  | Gained mutation: Your magical capacity is low. (-10% MP) [a
                  | neqoxec]
 41752 | Abyss:2  | Found a corrupted altar of Lugonu.
 41915 | Abyss:2  | Noticed a bone dragon
 41932 | Abyss:2  | Killed a bone dragon
 41986 | Abyss:2  | Received a gift from Trog
 42002 | Elf:3    | Escaped the Abyss
 42009 | Elf:3    | Reached skill level 10 in Evocations
 42224 | Elf:3    | Identified the amulet "Bathrir" {Fly rPois Regen+ SInv}
 42273 | Elf:3    | Identified the staff of fire "Simpagaqaly" {rF+ Will+}
 42281 | Elf:3    | Identified the +4 scale mail of Greed {rF- Dex+2 Slay+3}
 42282 | Elf:3    | Identified the staff of cold "Ceakontajyi" {rC+ Int+4}
 42733 | Elf:3    | Found Gavuumoi's Assorted Antiques.
 44455 | Vaults:2 | Found a crumbling gateway.
 44468 | Vaults:2 | Received a gift from Trog
 44478 | Desolati | Entered the Desolation of Salt
 44656 | Desolati | Identified the ring of Xom's Passing Interest {*Corrode
                  | rElec rC- Str+6 Int+8}
 44680 | Desolati | Identified the +7 mace "Camonuer" {antimagic, Drain Str+4}
 44725 | Desolati | Reached skill level 15 in Fighting
 44879 | Desolati | Received a gift from Trog
 44880 | Desolati | Gained mutation: You have a sharp stinger which inflicts
                  | weakening toxins. [demonic ancestry]
 44880 | Desolati | Reached XP level 21. HP: 141/168 MP: 18/18
 44967 | Desolati | Identified the ring "Oveipug" {rElec rF+ rC+ Int-3 Slay+4}
 45030 | Desolati | Identified the ring "Jesoz" {rElec Str-4 Dex+6 Stlth+}
 45152 | Desolati | Identified the +3 hand axe of emiel's Instant Death {drain,
                  | rElec rF- rCorr Str+2}
 45192 | Desolati | Identified the staff of cold "Yddoemna" {rC+ Str+8 Dex-3
                  | Stlth+}
 45255 | Desolati | Identified the ring of Wyemeagg {Str+3 Dex+2 SInv}
 45387 | Vaults:2 | Found a staircase to the Crypt.
 45520 | Vaults:2 | Reached skill level 15 in Axes
 45528 | Vaults:2 | Received a gift from Trog
 45613 | Vaults:2 | Reached skill level 15 in Shields
 45939 | Vaults:2 | Identified the +1 glaive of Chagrin {drain, Will+ Dex+2}
 46196 | Vaults:2 | Received a gift from Trog
 46992 | Vaults:3 | Noticed Zenata
 47001 | Vaults:3 | Killed Zenata
 47343 | Vaults:3 | Paralysed by a sphinx for 4 turns
 47761 | Vaults:4 | Found Alith's Antique Weapon Boutique.
 47910 | Vaults:4 | Gained mutation: Your presence sometimes corrodes those you
                  | injure. [demonic ancestry]
 47910 | Vaults:4 | Reached XP level 22. HP: 177/177 MP: 19/19
 47915 | Vaults:4 | Found Yvatt's General Store.
 47924 | Vaults:4 | Bought a potion of cancellation for 144 gold pieces
 48052 | Vaults:4 | Identified the +5 ring mail of Parts Unknown {Harm Regen+
                  | Int-4 SInv}
 48110 | Vaults:4 | Found Veskiol's General Store.
 48133 | Vaults:4 | Bought a potion of heal wounds for 85 gold pieces
 48133 | Vaults:4 | Bought 2 potions of cancellation for 272 gold pieces
 48156 | Vaults:4 | Received a gift from Trog
 48232 | Vaults:4 | Found Ratemifo's Assorted Antiques.
 48237 | Vaults:4 | Bought a scroll of vulnerability for 124 gold pieces
 48237 | Vaults:4 | Bought a scroll of immolation for 124 gold pieces
 48396 | Vaults:4 | Found Cokekeg's Antique Armour Shoppe.
 48399 | Vaults:4 | Bought a pair of ichor-stained gloves for 361 gold pieces
 48399 | Vaults:4 | Identified the +0 pair of gloves of Meager Music {Int+2
                  | Dex+3} (You bought it in a shop on level 4 of the Vaults)
 48440 | Vaults:4 | Reached skill level 16 in Fighting
 48531 | Vaults:4 | Reached skill level 10 in Throwing
 48546 | Vaults:4 | Found Kymafep's Weapon Boutique.
 49025 | Vaults:5 | Entered Level 5 of the Vaults
 49105 | Vaults:5 | Received a gift from Trog
 49184 | Vaults:5 | Noticed a golden dragon
 49195 | Vaults:5 | Killed a golden dragon
 49196 | Vaults:5 | Reached skill level 15 in Armour
 49359 | Vaults:5 | Reached skill level 15 in Dodging
 49402 | Vaults:5 | Identified the +4 ring mail of Qiomaxiq {rC++ Str+3}
 49555 | Vaults:5 | Identified the +8 spear of Imbalance {distort, rElec rN+
                  | Will-}
 49561 | Vaults:5 | Identified the +7 whip of the Growing Blowfly {freeze, rN+
                  | Int+2}
 49636 | Vaults:5 | Identified the ring "Bigof" {rElec Will+ Int+6 Dex-2}
 49655 | Vaults:5 | Identified the amulet "Hohian" {Reflect rF++ Dex+3 SH+5}
 49679 | Vaults:5 | Found Opsoc's Magic Scroll Shoppe.
 49687 | Vaults:5 | Bought a scroll of magic mapping for 75 gold pieces
 49687 | Vaults:5 | Bought a scroll of teleportation for 30 gold pieces
 49754 | Vaults:5 | Received a gift from Trog
 49919 | Vaults:5 | Reached XP level 23. HP: 186/186 MP: 2/20
 50072 | Vaults:5 | Found Joisiuf's Magic Scroll Shop.
 50081 | Vaults:5 | Bought a scroll of teleportation for 54 gold pieces
 50081 | Vaults:5 | Bought a scroll of fog for 72 gold pieces
 50081 | Vaults:5 | Bought a scroll of teleportation for 54 gold pieces
 50179 | Vaults:5 | Identified the +5 mace of Wu Jian's Generosity {venom,
                  | rElec rC+ Will+++ Dex-2}
 50217 | Vaults:5 | Received a gift from Trog
 50314 | Vaults:5 | Identified the +0 buckler of Indecent Exposure {-Cast rElec
                  | rCorr Dex+4}
 50314 | Vaults:5 | Identified the amulet of Ymybryck {RegenMP rPois rCorr
                  | Str-2}
 50808 | Vaults:5 | Got a silver rune of Zot
 51367 | Vaults:5 | Found Joisiuf's Magic Scroll Shop.
 51569 | Vaults:5 | Found Opsoc's Magic Scroll Shoppe.
 52070 | Depths:2 | Found a one-way gate leading to the halls of Pandemonium.
 52129 | Depths:2 | Found a one-way gateway to a ziggurat.
 52138 | Depths:2 | Reached skill level 17 in Fighting
 52150 | Zig:1    | Entered Level 1 of a ziggurat
 52171 | Zig:2    | Entered Level 2 of a ziggurat
 52174 | Zig:2    | Noticed Nuer the pandemonium lord
 52190 | Zig:2    | Killed Nuer the pandemonium lord
 52207 | Zig:3    | Entered Level 3 of a ziggurat
 52210 | Zig:3    | Found the +3 crown of Dyrovepreva {rElec Int+2 SInv}
 52228 | Zig:4    | Entered Level 4 of a ziggurat
 52245 | Zig:4    | Received a gift from Trog
 52245 | Zig:4    | Gained mutation: You are clumsy. (Dex -2) [a neqoxec]
 52250 | Zig:4    | Lost intelligence.
 52932 | Depths:2 | Found a basalt altar of Yredelemnul.
 53689 | Depths:3 | You fall into a shaft and drop 1 floor!
 53689 | Depths:4 | Entered Level 4 of the Depths
 53960 | Depths:3 | Received a gift from Trog
 54430 | Depths:3 | Reached XP level 24. HP: 193/195 MP: 20/20
 54863 | Depths:4 | Found a corrupted altar of Lugonu.
 54863 | Depths:4 | Found a one-way gate to the infinite horrors of the Abyss.
 55603 | Depths:4 | Received a gift from Trog
 55715 | Depths:4 | Found a gate to the Realm of Zot.
 55930 | Depths:4 | Found a hazy altar of Hepliaklqana.
 55999 | Zot:1    | Entered Level 1 of the Realm of Zot
 56526 | Zot:1    | Identified the +4 plate armour of New Discoveries {rElec
                  | Stlth+}
 56625 | Zot:1    | Reached skill level 18 in Fighting
 56842 | Zot:1    | Noticed Vv
 56857 | Zot:1    | Killed Vv
 58026 | Zot:2    | Received a gift from Trog
 58104 | Zot:2    | Reached skill level 15 in Evocations
 58243 | Zot:2    | Identified the +0 ring mail "Doetig" {Str+3}
 58922 | Zot:3    | Gained mutation: Your presence sometimes corrodes or
                  | deforms those you injure. [demonic ancestry]
 58922 | Zot:3    | Reached XP level 25. HP: 136/205 MP: 20/20
 59178 | Zot:3    | Received a gift from Trog
 60784 | Zot:5    | Entered Level 5 of the Realm of Zot
 61853 | Zot:5    | Received a gift from Trog
 61854 | Zot:5    | Reached skill level 19 in Fighting
 61891 | Zot:5    | Noticed an orb of fire
 61895 | Zot:5    | Noticed an orb of fire
 61896 | Zot:5    | Gained mutation: You are very clumsy. (Dex -4) [an orb of
                  | fire]
 61897 | Zot:5    | Gained mutation: You are weak. (Str -2) [an orb of fire]
 61902 | Zot:5    | Killed an orb of fire
 61902 | Zot:5    | Noticed an orb of fire
 61906 | Zot:5    | Noticed an ancient lich
 61911 | Zot:5    | Killed an orb of fire
 61915 | Zot:5    | Killed an ancient lich
 61919 | Zot:5    | Killed an orb of fire
 61922 | Zot:5    | Noticed a Killer Klown
 61924 | Zot:5    | Noticed a Killer Klown
 61925 | Zot:5    | Noticed a Killer Klown
 61925 | Zot:5    | Noticed a dread lich
 61925 | Zot:5    | Noticed a Killer Klown
 61929 | Zot:5    | Noticed an ancient lich
 61930 | Zot:5    | Killed a Killer Klown
 61932 | Zot:5    | Noticed a Killer Klown
 61933 | Zot:5    | Noticed an ancient lich
 61933 | Zot:5    | Noticed a Killer Klown
 61938 | Zot:5    | Killed a Killer Klown
 61940 | Zot:5    | Noticed a Killer Klown
 61947 | Zot:5    | Killed a Killer Klown
 61979 | Zot:5    | Killed a dread lich
 61980 | Zot:5    | Gained mutation: You can speak a Word of Chaos. [demonic
                  | ancestry]
 61980 | Zot:5    | Reached XP level 26. HP: 117/215 MP: 3/20
 61990 | Zot:5    | Killed an ancient lich
 61990 | Zot:5    | Killed an ancient lich
 62385 | Zot:5    | Got the Orb of Zot
 62827 | D:13     | Received a gift from Trog
 62830 | D:13     | Noticed Waon the pandemonium lord
 63267 | D:$      | Escaped with the Orb!

Illustrated notes

Levels and vault maps discovered:
D:1:      dpeg_arrival_pits, layout_basic
D:2:      layout_loops_ring, shapermc_ecumenical_altar_petra
D:3:      layout_loops_ring, uniq_sigmund
D:4:      layout_loops_ring, nemelex_spade_bored_becter,
          minmay_temple_entry_large_hall, gammafunk_ghost_nasty_kobolds,
          st_stairs_2
D:5:      layout_basic, nicolae_vehumet_radiance, lemuel_tele_altar
D:6:      layout_basic, lightli_sewer_entry_pipes, mrwooster_statue_mirror,
          small_statue_intersection
D:7:      layout_loops_ring, kennysheep_doodads
D:8:      layout_loops_ring, nicolae_ossuary_entry_ruins,
          minmay_misc_feat_hallway
D:9:      layout_roguey, lemuel_crystal_altar, due_lair_maze_entry_diamond,
          serial_shops, shop_fountains, gammafunk_ghost_berserking_beasts
D:10:     layout_basic, xom_teletrap_fun, serial_curves, eino_curves_01,
          eino_curves_01
D:11:     layout_roguey, serial_shops, shop, uniq_grum
D:12:     layout_gridville, uniq_sonja
D:13:     layout_loops_cross, lightli_vaults_fourway_checkpoint,
          serial_co_window_serial, co_window_of_opportunity_a,
          co_window_paths_a, co_window_paths_a, co_window_paths_b,
          co_window_of_opportunity_a, co_window_corner_b, co_window_corner_b,
          co_window_of_opportunity_b, co_window_corner_cb, co_window_corner_cb,
          co_window_sun, glass_columns_b, glass_columns_c
D:14:     layout_grid_maze
D:15:     grunt_enter_depths_giant_problem, layout_rooms,
          ebering_ghost_inner_flame
Lair:1:   layout_regular_city, gammafunk_ghost_grave, infiniplex_staircase_pool,
          grunt_megastairs_5
Lair:2:   layout_cave_pods, shoals_dummy_entry,
          minmay_snake_entry_guardpost_small
Lair:3:   layout_regular_city, infiniplex_staircase_pool_2
Lair:4:   layout_gridlike, lemuel_fruit_tree, grunt_megastairs_4
Lair:5:   due_jungle_book, layout_regular_city, slime_entry_2
Shoals:1: layout_shoals, uniq_nikola
Shoals:2: layout_shoals, portal_ice_cave_entry_pillars_three, uniq_mlioglotl,
          uniq_polyphemus
Shoals:3: layout_shoals
Shoals:4: shoals_end_hangedman, layout_shoals
Snake:1:  layout_onion_interference, grunt_megastairs_1
Snake:2:  layout_onion, hellmonk_ghost_happy_afterlife,
          nicolae_snake_scaly_snakehead, grunt_megastairs_3, uniq_aizul
Snake:3:  layout_basic, gammafunk_ghost_necromancy, nicolae_shop_vocational,
          uniq_vashnia
Snake:4:  snake_pit, layout_cave_town, nicolae_triple_integral
Orc:1:    layout_diamond_mine, basic_altar, serial_shops, shop, mines2_david
Orc:2:    grunt_orc_tribal_feast, layout_diamond_mine
Elf:1:    layout_geoelf_diagonals, mu_enter_wizlab_4, minmay_elf_demonology,
          minmay_shop_grove, hangedman_decor_cross_pass
Elf:2:    nicolae_elf_blades_crystal_corner, layout_geoelf_octagon
Elf:3:    elf_hall, layout_loops_corners, serial_shops, nicolae_lakefront_shop
Vaults:1: nicolae_vaults_trapezoid_lopsided_3, v_alt_pattern_3,
          nicolae_vaults_network_square, vaults_room_fancy_cross,
          hangedman_vaults_snaps, nicolae_vaults_offset_grid_hallway_1,
          nicolae_vaults_shipping_containers_5, nicolae_vaults_diamond_2,
          layout_vaults_ring
Vaults:2: portal_desolation_entry_nicolae_nacl, nicolae_vaults_surprise_closet,
          minmay_crypt_entry_vampire_xt, nicolae_vaults_offset_grid_hallway_1,
          nicolae_vaults_rhombus_7, nicolae_vaults_mitosis,
          vaults_mumra_chevron, nicolae_vaults_triangles,
          hangedman_vaults_locks, nicolae_vaults_what_the_h,
          nicolae_vaults_closet_pinwheel_3, v_alt_pattern_1,
          nicolae_vaults_lopsided_apartments, ontoclasm_vaults_ring_square,
          v_misc_22, nicolae_vaults_offset_grid_hallway_3,
          vaults_dpeg_encased_lava, layout_vaults_omnibox
Vaults:3: grunt_vaults_trifunnel, v_alt_pattern_4, nicolae_vaults_trapezoid_4,
          nicolae_vaults_little_guard_posts, nicolae_vaults_house_3, v_misc_30,
          nicolae_vaults_apartment_2, nicolae_vaults_house_2,
          nicolae_vaults_tetromino_Z_2, nicolae_vaults_sesquioval_fish,
          v_misc_22, v_misc_30, nicolae_vaults_little_squares_5,
          hangedman_vaults_pinch, hangedman_vaults_impose,
          grunt_vaults_hallway_short, layout_vaults_omnicross, uniq_zenata
Vaults:4: hangedman_vaults_stretched_pinwheel, nicolae_vaults_wrenched,
          v_pattern_1, nicolae_vaults_little_squares_6,
          nicolae_vaults_closet_pinwheel_2,
          nicolae_vaults_taking_the_gang_shopping,
          nicolae_vaults_closet_pinwheel_2, vaults_room_ringed_pool,
          vaults_room_door_hall, vaults_room_semicircle,
          layout_vaults_quadrants, serial_shops, shop, shop, shop,
          nicolae_shop_tiny_real_fake_doors, nicolae_square_shop
Vaults:5: serial_shops
Depths:1: layout_twisted_cross, minmay_misc_feat_diagonals, hellmouth_3,
          minmay_misc_feat_nine_boxes, tgw_sif, infiniplex_staircase_pool_lava
Depths:2: dreamdust_hydra_shepherd, layout_basic, enter_ziggurat_a,
          rand_demon_pan_entry_3, hell_entry, minivault_14,
          chequers_serial_rivers_small_b, nicolae_benzene_ring, minivault_16,
          hangedman_blasphemy
Depths:3: minmay_spiral_squares, layout_basic, hell_entry,
          marbit_kobold_abyss_entry, minmay_staircase_statues
Depths:4: grunt_twist_and_shout, layout_honeycomb, hell_entry,
          nzn_hepliaklqana_mist_gate, abyss_entry_flame_altar,
          serial_bayou_lagoon_a, uniq_grunn
Zot:1:    layout_gridlike, grunt_ministairs_9, drop_trap, zot_minivault_1,
          grunt_megastairs_2, uniq_vv
Zot:2:    layout_twisted_circle
Zot:3:    kennysheep_ambush_hall, layout_basic
Zot:4:    layout_misc_corridors
Zot:5:    layout_gridlike, st_stairs_13, hangedman_zot_decor_tridents,
          lemuel_flame_loot_1

Skill      XL: |  1  2  3  4  5  6  7  8  9 10 11 12 13 14 15 16 17 18 19 20 21 22 23 24 25 26 |
---------------+-------------------------------------------------------------------------------+-----
Polearms       | 3 5 6 7 10 12 14 | 14.8
Evocations     | 1 3 5 6 8 9 10 11 13 14 15 16 | 16.8
Axes           | 6 7 8 10 11 12 13 14 15 | 15.6
Shields        | 6 7 8 10 11 12 13 14 15 16 17 18 | 18.8
Armour         | 2 4 6 8 9 10 11 12 13 14 15 16 17 18 | 18.1
Dodging        | 2 4 6 8 9 10 11 12 13 14 15 16 17 18 | 18.0
Fighting       | 5 7 9 10 12 13 14 15 16 17 18 19 | 19.6
Throwing       | 3 5 7 8 9 10 12 13 14 | 14.7

Action                     |  1- 3 |  4- 6 |  7- 9 | 10-12 | 13-15 | 16-18 | 19-21 | 22-24 | 25-27 || total
---------------------------+-------+-------+-------+-------+-------+-------+-------+-------+-------++-------
  Melee: Spear             |   155 |    96 |   568 |   228 |    11 |       |       |       |       ||  1058
         Punch             |     1 |     1 |     6 |     6 |       |       |       |       |       ||    14
         Tailslap          |       |     7 |    65 |    70 |   158 |   228 |   320 |   392 |   167 ||  1407
         Kick              |       |       |   104 |   153 |   339 |   522 |   672 |   865 |   324 ||  2979
         Broad axe         |       |       |       |   240 |   906 |  1299 |  1434 |  1516 |   626 ||  6021
         Headbutt          |       |       |       |    58 |   243 |   328 |   386 |   507 |   216 ||  1738
         Unarmed           |       |       |       |       |       |       |       |       |     2 ||     2
 Invoke: Berserk           |     2 |     4 |     8 |    14 |    25 |    16 |     1 |     1 |     2 ||    73
         Trog's Hand       |     1 |       |       |     2 |     5 |     5 |    16 |     5 |     7 ||    41
         Brothers in Arms  |       |       |       |       |       |     2 |     2 |     1 |     2 ||     7
  Evoke: Wand              |       |       |       |     6 |    15 |    37 |    10 |     8 |    16 ||    92
         Box of beasts     |       |       |       |       |       |     2 |       |       |       ||     2
    Use: Scroll            |     3 |       |     7 |     7 |    15 |    11 |     8 |     2 |    11 ||    64
         Potion            |       |       |       |       |       |    12 |     3 |     4 |     5 ||    24
   Stab: Paralysed         |       |       |       |     7 |       |       |       |       |       ||     7
         Distracted        |       |       |       |     1 |     4 |     2 |     3 |     4 |     3 ||    17
 Armour: Animal skin       |     8 |       |       |       |       |       |       |       |       ||     8
         Chain mail        |    38 |    30 |   127 |   171 |   290 |   155 |       |       |       ||   811
         Plate armour      |       |       |       |       |       |   188 |   437 |   583 |    56 ||  1264
         Gold dragon scale |       |       |       |       |       |       |       |       |   146 ||   146
  Dodge: Dodged            |    68 |    25 |   107 |   132 |   332 |   491 |   485 |   695 |   198 ||  2533
  Block: Kite shield       |       |       |       |   146 |   726 |  1397 |   100 |       |       ||  2369
         Reflection        |       |       |       |       |    65 |   126 |   124 |    50 |    12 ||   377
         Tower shield      |       |       |       |       |       |       |  1468 |  1805 |   675 ||  3948
